 Dungeon Crawl Stone Soup version 0.19-a0 (webtiles) character file.

46 Mefis the Magician (level 3, -4/19 HPs)
             Began as a Deep Elf Wizard on Apr 27, 2016.
             Shot with a stone by a goblin (5 damage)
             ... led by Robin
             ... on level 2 of the Dungeon.
             The game lasted 00:03:12 (1454 turns).

Mefis the Magician (Deep Elf Wizard)                Turns: 1454, Time: 00:03:13

Health: -4/19      AC:  2    Str:  4    XL:     3   Next: 46%
Magic:  2/12       EV: 12    Int: 23    God:
Gold:   20         SH:  0    Dex: 13    Spells: 4 memorised, 6 levels left

rFire  . . .     SeeInvis .     (no weapon)
rCold  . . .     Gourm    .     a - +0 robe
rNeg   . . .     Faith    .     (no shield)
rPois  .         Spirit   .     b - +0 hat
rElec  .         Dismiss  .     (no cloak)
rCorr  .         Reflect  .     (no gloves)
SustAt .         Harm     .     (no boots)
MR     .....                    (no amulet)
Stlth  ++........               (no ring)
                                (no ring)

@: not resistant to hostile enchantments, unstealthy
A: no striking features
a: no special abilities


You were on level 2 of the Dungeon.
You were very hungry.

You visited 1 branch of the dungeon, and saw 2 of its levels.

You collected 20 gold pieces.

Inventory:

Missiles
 f - 4 curare-tipped needles
Armour
 a - a +0 robe (worn)
 b - a +0 hat (worn)
Potions
 e - a potion of heal wounds {unknown}
 g - a potion of flight {unknown}
Books
 c - a book of Minor Magic

   Spells                             Type                      Level
   a - Magic Dart                     Conjuration                  1
   b - Blink                          Translocation                2
   c - Call Imp                       Summoning                    2
   d - Repel Missiles                 Charms/Air                   2
   e - Slow                           Hexes                        2
   f - Conjure Flame                  Conjuration/Fire             3
   g - Mephitic Cloud                 Conjuration/Poison/Air       3
Comestibles
 d - a bread ration


   Skills:
 + Level 2.5 Dodging
 + Level 2.7 Stealth
 + Level 5.7 Spellcasting
 + Level 1.4 Conjurations
 * Level 1.2 Summonings
 * Level 1.5 Translocations


You had 6 spell levels left.
You knew the following spells:

 Your Spells              Type           Power        Failure   Level  Hunger
a - Magic Dart            Conj           ##..         6%          1    None
b - Call Imp              Summ           ##......     10%         2    None
c - Blink                 Tloc           N/A          10%         2    None
d - Repel Missiles        Chrm/Air       #.....       17%         2    None


Dungeon Overview and Level Annotations

Branches:
Dungeon (2/15)

Altars:


Message History

Aiming: Magic Dart
Press: ? - help, Shift-Dir - straight line, f - goblin
Aim: a goblin, wielding a hunting sling The magic dart hits the goblin.
The goblin is moderately wounded.
Your white imp disappears in a puff of smoke!
The goblin shoots a stone.
The stone hits you.
* * * LOW HITPOINT WARNING * * *
A goblin comes into view.
The goblin shouts!
You see here a stone.
Casting: Magic Dart
Confirm with . or Enter, or press ? or * to list all spells.
Aiming: Magic Dart
Press: ? - help, Shift-Dir - straight line, f/p - goblin
Aim: a goblin, wielding a hunting sling The magic dart hits the goblin.
The goblin is moderately wounded.
The goblin shoots a stone.
The stone hits you.
You die...

........#
#######.# #.#
#.# # #.# ).
#.# #)# #.#
).
#.####g####.
#ยง(@(gg)....
######.#####
.. ##


You could see 3 goblins.

Vanquished Creatures
  An adder (D:2)
  A giant gecko (D:1)
  5 giant cockroaches (D:1)
  4 hobgoblins
  A kobold (D:1)
  3 bats (D:1)
  2 giant newts
  5 goblins
  4 rats (D:1)
26 creatures vanquished.

Vanquished Creatures (collateral kills)
  Robin (D:2)
  A goblin (D:2)
  2 hobgoblins (D:2)
4 creatures vanquished.

Grand Total: 30 creatures vanquished

Notes
Turn   | Place    | Note
--------------------------------------------------------------
     0 | D:1      | Mefis the Deep Elf Wizard began the quest for the Orb.
     0 | D:1      | Reached XP level 1. HP: 10/10 MP: 7/7
   383 | D:1      | Reached skill level 5 in Spellcasting
   503 | D:1      | Reached XP level 2. HP: 15/15 MP: 7/10
   507 | D:1      | Learned a level 2 spell: Call Imp
   510 | D:1      | Learned a level 2 spell: Blink
   513 | D:1      | Learned a level 2 spell: Repel Missiles
  1294 | D:2      | Reached XP level 3. HP: 14/19 MP: 2/12
  1420 | D:2      | Noticed Robin
  1429 | D:2      | Killed Robin
  1454 | D:2      | Shot with a stone by a goblin

Vault maps used:
D:1:      dpeg_arrival_prison, minivault_11, nrook_mini_vaults, st_stairs_13
D:2:      uniq_robin

Skill      XL: |  1 |
---------------+----+-----
Spellcasting   | 5 |  5.7
Dodging        | |  2.5
Stealth        | |  2.7
Conjurations   | |  1.4
Summonings     | |  1.2
Translocations | |  1.5

Action                   || total
-------------------------++-------
 Cast: Magic Dart        ||    74
       Call Imp          ||     2
Armor: Robe              ||     2
Dodge: Dodged            ||    11
